 Dungeon Crawl Stone Soup version 0.31.0-7-gf635a9b802 (webtiles) character file.

Game seed: 2911731922223966261

2268 zenocrate the Sneak (level 9, -15/39 HPs)
             Began as a Vine Stalker Enchanter on Jan 23, 2024.
             Demolished by Duvessa
             ... wielding a +3 short sword of venom
              (16 damage)
             ... on level 7 of the Dungeon.
             The game lasted 00:07:53 (6275 turns).

zenocrate the Sneak (Vine Stalker Enchanter)        Turns: 6275, Time: 00:07:54

Health: -15/39     AC:  7    Str: 11    XL:     9   Next: 38%
Magic:  0/22       EV: 19    Int: 15    God:
Gold:   309        SH:  0    Dex: 19    Spells: 1/12 levels left

rFire   . . .        a - +1 dagger (vamp)
rCold   . . .        (no shield)
rNeg    . . .        h - +0 acid dragon scales
rPois   .            (no helmet)
rElec   .            (no cloak)
rCorr   +            v - +0 pair of gloves
SInv    .            (no boots)
Will    +....        (no amulet)
Stlth   ++++         p - ring of magical power
HPRegen 1.06/turn    x - +5 ring of evasion
MPRegen 0.18/turn

%: guardian spirit
@: lethally poisoned (-15 -> -22)
A: fangs 3, regeneration 1, magic shield, antimagic bite, no potion heal 2
a: no special abilities


You were on level 7 of the Dungeon.
You visited 2 branches of the dungeon, and saw 8 of its levels.

You collected 309 gold pieces.

Inventory:

Hand Weapons
 a - a +1 vampiric dagger (weapon)
 b - a +0 rapier
 s - a +1 dagger
Missiles
 e - 11 boomerangs
 o - 12 poisoned darts (quivered)
 C - 2 throwing nets
 D - 5 atropa-tipped darts
Armour
 g - a +0 buckler
 h - +0 acid dragon scales (worn)
 v - a +0 pair of gloves (worn)
Jewellery
 p - a ring of magical power (left hand)
 x - a +5 ring of evasion (right hand)
Wands
 B - a wand of digging (3)
Scrolls
 f - a scroll of silence {unknown}
 i - a scroll of summoning {unknown}
 j - 5 scrolls of teleportation
 l - 2 scrolls of amnesia
 m - 4 scrolls of revelation
 n - a scroll of torment {unknown}
 q - a scroll of poison {unknown}
 r - 2 scrolls of vulnerability {unknown}
 t - a scroll of fog {unknown}
 w - 3 scrolls of blinking
 y - a scroll of enchant armour {unknown}
Potions
 c - 3 potions of invisibility
 d - 2 potions of enlightenment
 u - 2 potions of brilliance
 z - a potion of resistance
 A - a potion of ambrosia


   Skills:
 + Level 4.8 Short Blades
 + Level 5.1 Dodging
 + Level 7.7 Stealth
 + Level 3.2 Shields
 - Level 2.1 Spellcasting
 + Level 5.9 Hexes
 - Level 3.9 Ice Magic


You had one spell level left.
You knew the following spells:

 Your Spells              Type           Power      Damage    Failure   Level
a - Ensorcelled Hibernat  Hex/Ice        32%        N/A       7%          2
b - Confusing Touch       Hex            19%        N/A       9%          3
c - Tukima's Dance        Hex            19%        N/A       9%          3
d - Dazzling Flash        Conj/Hex       20%        N/A       30%         3

Your spell library contained the following spells:

 Spells                   Type           Power      Damage    Failure   Level
 Sting                    Conj/Alch      4%         1d3       34%         1
 Call Imp                 Summ           2%         N/A       45%         2
 Mercury Vapours          Alch/Air       2%         N/A       45%         2
 Sublimation of Blood     Necr           1%         N/A       45%         2
 Manifold Assault         Tloc           1%         N/A       98%         4
 Olgreb's Toxic Radiance  Alch           1%         N/A       98%         4
 Dispersal                Tloc           0%         N/A       100%        6
 Summon Hydra             Summ           0%         N/A       100%        7
 Disjunction              Tloc           0%         N/A       100%        8


Dungeon Overview and Level Annotations

Branches:
Dungeon (7/15)             Temple (1/1) D:7

Altars:
Ashenzari
Cheibriados
Elyvilon
Fedhas
Hepliaklqana
Kikubaaqudgha
Makhleb
Nemelex Xobeh
Okawaru
Qazlal
Sif Muna
Trog
Uskayaw
Vehumet
Wu Jian
The Shining One

Shops:
D:1 [   D:5 *

Annotations:
D:4 Natasha
D:7 1 runed translucent door, Crazy Yiuf, Duvessa


Innate Abilities, Weirdness & Mutations

You have razor-sharp teeth.
Your natural rate of healing is unusually fast.
When hurt, damage is shared between your health and your magic reserves.
Your bite disrupts and absorbs the magic of your enemies.
Potions cannot restore your health.


Message History

Unknown command.
You hit Duvessa but do no damage. You bite Duvessa. You drain her power.
You feel invigorated.
Duvessa is severely wounded.
Duvessa misses you.
Unknown command.
You hit Duvessa. You bite Duvessa. You drain her power.
You feel invigorated.
Duvessa is almost dead.
Duvessa seems less confused.
Duvessa hits you with a +3 short sword of venom!
* * * LOW HITPOINT WARNING * * *
You are poisoned.
Unknown command.
You closely miss Duvessa. You bite Duvessa, but do no damage.
Duvessa is almost dead.
You feel sick. Duvessa misses you.
Unknown command.
Unknown command.
You hit Duvessa but do no damage. Your bite misses Duvessa.
Duvessa is almost dead.
You feel sick. Duvessa completely misses you.
Duvessa hits you with a +3 short sword of venom.
* * * LOW HITPOINT WARNING * * *
You are lethally poisoned!
Unknown command.
Unknown command.
Your system rejects the healing.
You feel better.
Duvessa hits you with a +3 short sword of venom!
* * * LOW HITPOINT WARNING * * *
You are lethally poisoned!
Unknown command.
Okay, then.
Okay, then.
Okay, then.
Your system rejects the healing.
You feel better.
Duvessa hits you with a +3 short sword of venom!
* * * LOW HITPOINT WARNING * * *
You are lethally poisoned!
Duvessa hits you with a +3 short sword of venom!
You die...

.........#......))..#
...........######)###
.....##.. ####.#
.........# #<.).# ### #
..#####.## #.#### #...##
..# #.# # #.# #g..+. ..#
##.## #.#.# #)..## ..#
#...# #.#.######### ###
..####.#.###...)@e......
..##...#...###.#########
.....#####.....# ###
##### .###...#...#.###
#.# #.... . #########..#
#.# ##### # ##.#
#.####### .# #........
## #########


You could see Duvessa (berserk).

Vanquished Creatures
  Sigmund (D:2)
  Menkaure (D:5)
  An acid dragon (D:5)
  2 water moccasins (D:6)
  A sky beast (D:6)
  An ice beast (D:5)
  A centaur (D:5)
  An ogre (D:5)
  A kobold brigand (D:7)
  2 bullfrogs
  2 gnoll sergeants
  Dowan (D:7)
  A howler monkey (D:6)
  An orc priest (D:4)
  A jelly (D:4)
  4 bombardier beetles
  4 sleepcaps
  6 hounds
  2 iguanas
  Natasha (D:4)
  Terence (D:2)
  2 orc wizards
  12 gnolls
  6 adders
  A white imp (D:7)
  4 dart slugs
  2 ribbon worms
  10 orcs
  8 endoplasms
  4 giant cockroaches
  6 goblins
  5 hobgoblins
  4 jackals (D:3)
  12 kobolds
  5 quokkas
  12 ball pythons
  4 bats
  6 frilled lizards
  4 rats
143 creatures vanquished.

Notes
Turn   | Place    | Note
-------+----------+-------------------------------------------
     0 | D:1      | zenocrate the Vine Stalker Enchanter began the quest for
                  | the Orb.
     0 | D:1      | Reached XP level 1. HP: 9/9 MP: 4/4
    16 | D:1      | Reached skill level 1 in Short Blades
    45 | D:1      | Reached XP level 2. HP: 11/13 MP: 6/6
    48 | D:1      | Learned a level 2 spell: Ensorcelled Hibernation
   196 | D:1      | Found Kas Beem's Antique Armour Shoppe.
   337 | D:1      | Reached skill level 4 in Stealth
   337 | D:1      | Reached XP level 3. HP: 16/16 MP: 3/7
   343 | D:1      | Learned a level 3 spell: Confusing Touch
   826 | D:2      | Noticed Sigmund
   838 | D:2      | Killed Sigmund
   839 | D:2      | Reached skill level 1 in Ice Magic
   839 | D:2      | Reached XP level 4. HP: 13/21 MP: 1/8
   839 | D:2      | Reached XP level 5. HP: 15/24 MP: 1/9
   843 | D:2      | Learned a level 3 spell: Tukima's Dance
  1061 | D:2      | Noticed Terence
  1073 | D:2      | Killed Terence
  1074 | D:2      | Reached XP level 6. HP: 28/28 MP: 8/10
  1958 | D:3      | Found a faded altar of an unknown god.
  2521 | D:3      | Found a broken altar of Ashenzari.
  2862 | D:4      | Noticed Natasha
  2867 | D:4      | Killed Natasha
  2868 | D:4      | Reached skill level 5 in Stealth
  2899 | D:4      | Noticed Natasha
  3089 | D:4      | Reached XP level 7. HP: 32/32 MP: 11/11
  3575 | D:5      | Entered Level 5 of the Dungeon
  3657 | D:5      | Found Ecunys's General Store.
  3917 | D:5      | Gained mutation: You have razor-sharp teeth. [Vine Stalker
                  | growth]
  3917 | D:5      | Reached XP level 8. HP: 36/36 MP: 12/12
  3996 | D:5      | Reached skill level 6 in Stealth
  4189 | D:5      | Noticed Menkaure
  4196 | D:5      | Reached skill level 1 in Shields
  4201 | D:5      | Killed Menkaure
  4424 | D:5      | Reached skill level 5 in Hexes
  4860 | D:6      | Reached skill level 7 in Stealth
  4893 | D:6      | Reached XP level 9. HP: 39/39 MP: 13/13
  5232 | D:6      | Reached skill level 5 in Dodging
  5520 | D:6      | Learned a level 3 spell: Dazzling Flash
  5536 | D:7      | Noticed Dowan
  5891 | D:7      | Found a runed translucent door.
  5892 | D:7      | Noticed Crazy Yiuf
  5948 | D:7      | Found a staircase to the Ecumenical Temple.
  5961 | Temple   | Entered the Ecumenical Temple
  6257 | D:7      | Noticed Duvessa
  6258 | D:7      | Killed Dowan
  6275 | D:7      | HP: 1/39 [Duvessa/+3 short sword of venom (3)]
  6275 | D:7      | Demolished by Duvessa

Illustrated notes

Levels and vault maps discovered:
D:1:      wheals_arrival_shading, layout_basic, serial_shops, shop
D:2:      layout_basic, uniq_sigmund, uniq_terence
D:3:      layout_loops_ring, lemuel_crystal_altar,
          hellmonk_ecumenical_altar_pennies_from_heaven
D:4:      layout_gridville, minmay_between, uniq_natasha
D:5:      layout_basic, serial_shops, nicolae_shop_stone, grunt_ministairs_6,
          uniq_menkaure
D:6:      layout_loops_ring
D:7:      layout_loops_ring, pdpol_temple_overflow_zin_treasury_gozag_greed,
          minmay_temple_entry_waves, uniq_duvessa, uniq_crazy_yiuf_cottage
Temple:   regret_index_temple_generic_petals

Skill      XL: |  1  2  3  4  5  6  7  8  9 |
---------------+----------------------------+-----
Short Blades   | 1 2 3 4 |  4.8
Dodging        | 2 3 4 5 |  5.1
Stealth        | 4 5 7 |  7.7
Ice Magic      | 1 2 3 |  3.9
Hexes          | 4 5 |  5.9
Shields        | 2 3 |  3.2
Spellcasting   | |  2.1

Action                     |  1- 3 |  4- 6 |  7- 9 || total
---------------------------+-------+-------+-------++-------
  Melee: Dagger            |    81 |   122 |   159 ||   362
         Bite              |    22 |    26 |    51 ||    99
         Punch             |     1 |     4 |     1 ||     6
   Cast: Ensorcelled Hiber |     8 |    25 |    37 ||    70
         Confusing Touch   |       |       |     5 ||     5
    Use: Scroll            |       |     1 |     9 ||    10
         Potion            |       |       |     3 ||     3
   Stab: Sleeping          |    11 |    30 |    38 ||    79
         Confused          |       |       |     5 ||     5
 Armour: Robe              |    29 |    67 |    16 ||   112
         Acid dragon scale |       |       |    45 ||    45
  Dodge: Dodged            |    51 |    93 |   119 ||   263
